 Dungeon Crawl Stone Soup version 0.24-a0-537-g2d01d4a (webtiles) character file.

Game seed: 11761447393738331192

43456 Dorkslayer the Severer (level 13, -7/122 HPs)
             Began as a Minotaur Abyssal Knight on Aug 11, 2019.
             Was the Champion of Lugonu.
             Shot with an arrow by a centaur warrior (14 damage)
             ... on level 15 of the Dungeon on Aug 12, 2019.
             The game lasted 01:17:23 (13547 turns).

Dorkslayer the Severer (Minotaur Abyssal Knight)   Turns: 13547, Time: 01:17:24

Health: -7/122     AC: 22    Str: 21    XL:     13   Next: 90%
Magic:  18/18      EV:  8    Int:  9    God:    Lugonu [******]
Gold:   458        SH:  0    Dex: 11    Spells: 12/12 levels left

rFire    + . .     SeeInvis .   I - +9 battleaxe (distort)
rCold    + . .     Gourm    +   (shield currently unavailable)
rNeg     + . .     Faith    .   G - +0 plate armour
rPois    +         Spirit   .   (helmet unavailable)
rElec    .         Reflect  .   m - +2 cloak {rPois}
rCorr    .         Harm     .   M - +2 pair of gloves
MR       .....                  (no boots)
Stlth    ..........             F - amulet of the gourmand
HPRegen  0.30/turn              w - ring of protection from cold
MPRegen  0.16/turn              A - ring of positive energy

@: no status effects
A: retaliatory headbutt, horns 3, fire resistance 1
a: Depart the Abyss, Bend Space, Banish, Corrupt, Enter the Abyss, Renounce
Religion


You were on level 15 of the Dungeon.
You worshipped Lugonu.
Lugonu was exalted by your worship.
You were completely stuffed.

You visited 1 branch of the dungeon, and saw 15 of its levels.
You visited the Abyss 1 time.
You also visited: Ossuary.

You collected 1099 gold pieces.
You spent 641 gold pieces at shops.

Inventory:

Hand Weapons
 I - a +9 battleaxe of distortion (weapon)
 J - the cursed +3 flail of Instant Death {flame, Str+2, unknown}
   (You found it on level 14 of the Dungeon)

   It has been specially enchanted to burn those struck by it, causing extra
   injury to most foes and up to half again as much damage against particularly
   susceptible opponents.
   It affects your strength (+2).
   It has a curse placed upon it.
Missiles
 B - 6 silver boomerangs
 C - 6 boomerangs (quivered)
 E - a javelin
Armour
 m - a +2 cloak of poison resistance (worn)
 x - a +0 large shield of resistance
 G - a +0 plate armour (worn)
 M - a +2 pair of gloves (worn)
Jewellery
 w - a ring of protection from cold (left hand)
 A - a ring of positive energy (right hand)
 F - an amulet of the gourmand (around neck)
Wands
 h - a wand of polymorph (20)
 o - a wand of scattershot (7)
 D - a wand of disintegration (9)
 H - a wand of flame (36)
 K - a wand of paralysis (6)
Scrolls
 b - 11 scrolls of teleportation
 i - a scroll of fear
 j - 4 scrolls of enchant weapon
 k - 7 scrolls of remove curse
 l - 5 scrolls of fog
 s - 2 scrolls of enchant armour
 u - 6 scrolls of immolation
 v - 3 scrolls of blinking
 y - 3 scrolls of magic mapping
Potions
 d - 3 potions of cancellation
 e - 3 potions of berserk rage
 f - a potion of agility
 g - 4 potions of brilliance
 p - 3 potions of magic
 q - a potion of haste
 r - 7 potions of curing
 t - 3 potions of ambrosia
 z - 3 potions of flight
 L - a potion of might
Miscellaneous
 N - a box of beasts
Comestibles
 a - 5 chunks of flesh
 c - 35 rations


   Skills:
 * Level 13.5 Fighting
 + Level 16.1 Axes
 + Level 4.7 Throwing
 + Level 11.2 Armour
 + Level 3.4 Dodging
 + Level 5.2 Shields
 * Level 7.8 Invocations
 * Level 8.2 Evocations


You had 12 spell levels left.
You didn't know any spells.
Your spell library contained the following spells:

 Spells                   Type           Power        Failure   Level  Hunger
 Apportation              Tloc           #.....       99%         1    ##.....
 Magic Dart               Conj           #...         99%         1    ##.....
 Sandblast                Erth           #.....       99%         1    ##.....
 Summon Butterflies       Summ           #.......     99%         1    ##.....
 Passwall                 Tmut/Erth      #.......     100%        2    ###....
 Searing Ray              Conj           #.....       100%        2    ###....
 Dazzling Spray           Conj/Hex       #.....       100%        3    ####...
 Lesser Beckoning         Tloc           #.........   100%        3    ####...
 Stone Arrow              Conj/Erth      #.....       100%        3    ####...
 Tukima's Dance           Hex            #.......     100%        3    ####...
 Force Lance              Conj/Tloc      #.......     100%        4    #####..
 Fulminant Prism          Conj/Hex       #.........   100%        4    #####..
 Iskenderun's Mystic Bla  Conj           #.......     100%        4    #####..
 Petrify                  Tmut/Erth      #.......     100%        4    #####..
 Alistair's Intoxication  Tmut/Pois      #.......     100%        5    ######.
 Lee's Rapid Deconstruct  Erth           #.........   100%        5    ######.
 Invisibility             Hex            #.......     100%        6    #######


Dungeon Overview and Level Annotations

Branches:
Dungeon (15/15)            Temple (0/1) D:7            Lair (0/6) D:11
    Orc (0/2) D:10         Vaults (0/5) D:14
 Depths: D:15

Altars:
Cheibriados
Elyvilon
Fedhas
Gozag
Makhleb
Nemelex Xobeh
Qazlal
Trog
Uskayaw
Xom
Zin
The Shining One

Shops:
D:6 (   D:10 (*   D:13 !


Innate Abilities, Weirdness & Mutations

You reflexively headbutt those who attack you in melee.
You have a pair of large horns on your head.
Your flesh is heat resistant. (rF+)


Message History

The centaur warrior is too close now for your liking.
The centaur warrior hits you but does no damage.
You completely miss the centaur warrior.
The centaur warrior is moderately wounded.
The centaur warrior hits you!
* * * LOW HITPOINT WARNING * * *
Your plate armour prevents you from hitting the centaur warrior.
The centaur warrior is moderately wounded.
The centaur warrior hits you but does no damage. x2
You hit the centaur warrior.
The centaur warrior is heavily wounded.
The centaur warrior blinks!
The centaur warrior hits you but does no damage.
You see here an arrow.
You slice the centaur warrior!! You headbutt the centaur warrior.
The centaur warrior is almost dead.
The centaur warrior blinks!
The centaur warrior wields a +0 shortbow.
The centaur warrior shoots an arrow.
The arrow hits you!
You die...

###(..##.#
##.(.### ..#
#..### #...
#(## ###. #c#
# #.#
#.##########
#ยง##........
#@##(# #(...#
######


You could see a centaur warrior.

Vanquished Creatures
  A hydra (D:13)
  7 two-headed ogres
  2 tengu warriors (D:14)
  A centaur warrior (D:15)
  Sonja (D:13)
  A deep troll (D:15)
  2 unseen horrors
  A wizard (D:14)
  Pikel (D:8)
  A necromancer (D:14)
  2 deep elf magi
  11 ugly things
  An oklob plant (D:9)
  5 cyclopes
  3 centaur skeletons
  A gargoyle (D:11)
  A komodo dragon (D:11)
  A tengu conjurer (D:10)
  Grinder (D:6)
  4 trolls
  A jumping spider (shapeshifter) (D:14)
  6 slime creatures (D:11)
  Prince Ribbit (D:5)
  6 hippogriffs
  Sigmund (D:3)
  A shadow (D:14)
  3 wraiths (D:13)
  A wyvern (D:10)
  A water elemental (D:15)
  28 yaks
  A spriggan (D:7)
  3 basilisks
  3 hungry ghosts
  14 vampire mosquitoes
  16 humans (D:14)
  An acid dragon (D:10)
  2 water moccasins
  7 orc warriors
  A black bear (D:10)
  3 ice beasts
  4 sky beasts
  A hornet zombie (D:10)
  6 necrophages
  2 ogres
  2 phantoms
  22 centaurs
  A crocodile (D:14)
  18 bullfrogs
  A wyvern skeleton (D:13)
  A wyvern zombie (D:13)
  5 scorpions
  6 killer bees (D:10)
  10 wights
  5 howler monkeys
  An electric eel (D:9)
  3 centaur zombies
  7 crimson imps
  2 quasits
  A bullfrog skeleton (D:7)
  8 bullfrog zombies
  6 hounds
  Crazy Yiuf (D:3)
  6 jellies
  4 orc priests
  2 iguanas
  Terence (D:3)
  9 orc wizards
  8 worker ants
  3 hound zombies
  4 hound skeletons
  14 mummies (Ossuary)
  4 worker ant zombies
  Robin (D:4)
  2 howler monkey skeletons
  3 gnolls (D:8)
  9 adders
  8 shadow imps
  An ooze (D:4)
  2 adder skeletons
  2 adder zombies
  3 dart slugs
  8 leopard geckos
  31 orcs
  6 bats
  4 giant cockroaches
  14 goblins
  9 hobgoblins
  8 jackals
  7 quokkas
  3 frilled lizards
  A giant cockroach zombie (Ossuary)
  A hobgoblin zombie (D:4)
  A jackal skeleton (D:5)
  A jackal zombie (Ossuary)
  5 kobolds
  2 leopard gecko zombies (Ossuary)
  2 quokka zombies
  6 rats
  9 bushes (D:9)
  46 plants
  A withered plant (Ossuary)
512 creatures vanquished.

Vanquished Creatures (others)
  An ugly thing (D:14)
  2 humans (D:14)
  A boggart (D:10)
  A worker ant (D:14)
  A shadow imp (D:8)
  An adder skeleton (D:8)
  3 plants (D:11)
10 creatures vanquished.

Grand Total: 522 creatures vanquished

Notes
Turn   | Place    | Note
-------+----------+-------------------------------------------
     0 | Abyss:1  | Dorkslayer the Minotaur Abyssal Knight began the quest for
                  | the Orb.
     0 | Abyss:1  | Reached XP level 1. HP: 19/19 MP: 1/1
    22 | Abyss:2  | Noticed a smoke demon
    23 | D:1      | Escaped the Abyss
   166 | D:1      | Reached XP level 2. HP: 19/27 MP: 2/2
   415 | D:1      | Reached * piety under Lugonu
   518 | D:1      | Reached skill level 1 in Throwing
   828 | D:2      | Found a snail-covered altar of Cheibriados.
   975 | D:2      | Reached XP level 3. HP: 32/34 MP: 3/3
  1205 | D:3      | Noticed Sigmund
  1219 | D:3      | Killed Sigmund
  1219 | D:3      | Reached skill level 5 in Fighting
  1219 | D:3      | Reached skill level 4 in Axes
  1219 | D:3      | Reached XP level 4. HP: 22/42 MP: 4/4
  1219 | D:3      | Reached XP level 5. HP: 25/48 MP: 5/5
  1476 | D:3      | Found an opulent altar of Gozag.
  1573 | D:3      | Noticed Terence
  1575 | D:3      | Reached ** piety under Lugonu
  1585 | D:3      | Killed Terence
  1692 | D:3      | Reached XP level 6. HP: 42/56 MP: 6/6
  1730 | D:3      | Found a runed translucent door.
  1731 | D:3      | Noticed Crazy Yiuf
  1799 | D:3      | Killed Crazy Yiuf
  2073 | D:4      | Found a sand-covered staircase.
  2080 | Ossuary  | Entered an ossuary
  2088 | Ossuary  | Reached skill level 5 in Axes
  2136 | Ossuary  | Reached XP level 7. HP: 42/62 MP: 7/7
  2139 | Ossuary  | Reached skill level 6 in Axes
  2195 | Ossuary  | Reached skill level 1 in Evocations
  2263 | Ossuary  | Reached *** piety under Lugonu
  2298 | Ossuary  | Reached skill level 7 in Axes
  2591 | D:4      | Noticed Robin
  2594 | D:4      | Killed Robin
  2915 | D:5      | Entered Level 5 of the Dungeon
  2915 | D:5      | Noticed Prince Ribbit
  2924 | D:5      | Reached XP level 8. HP: 71/71 MP: 8/8
  2936 | D:5      | Killed Prince Ribbit
  2936 | D:5      | Reached skill level 8 in Axes
  3067 | D:5      | Found a shimmering altar of Xom.
  3257 | D:5      | Noticed a hippogriff
  3279 | D:5      | Killed a hippogriff
  3279 | D:5      | Reached skill level 5 in Armour
  3380 | D:5      | Found a white marble altar of Elyvilon.
  3389 | D:5      | Reached **** piety under Lugonu
  3389 | D:5      | Reached skill level 9 in Axes
  3610 | D:6      | Reached XP level 9. HP: 65/80 MP: 10/10
  3780 | D:6      | Found Lewina's Weapon Shoppe.
  4176 | D:6      | Noticed Grinder
  4189 | D:6      | Killed Grinder
  4388 | D:7      | Reached skill level 10 in Axes
  4427 | D:7      | Found a staircase to the Ecumenical Temple.
  4583 | D:7      | Found a stormy altar of Qazlal.
  4585 | D:7      | Found a glowing silver altar of Zin.
  4586 | D:7      | Found a burning altar of Makhleb.
  4716 | D:7      | Found a bloodstained altar of Trog.
  4722 | D:7      | Reached ***** piety under Lugonu
  4726 | D:7      | Reached XP level 10. HP: 75/91 MP: 12/12
  5028 | D:8      | Noticed a +0 hand axe
  5029 | D:8      | Noticed a +0 hand axe
  5031 | D:8      | Found a hide-covered altar of Uskayaw.
  5182 | D:8      | Noticed Pikel
  5193 | D:8      | Killed Pikel
  5193 | D:8      | Reached skill level 11 in Axes
  5429 | D:8      | Found a burning altar of Makhleb.
  5832 | D:8      | Found a glowing golden altar of the Shining One.
  5972 | D:9      | Noticed a green ugly thing
  5989 | D:9      | Killed a green ugly thing
  6004 | D:9      | Reached skill level 1 in Shields
  6004 | D:9      | Reached skill level 5 in Evocations
  6203 | D:9      | Found a blossoming altar of Fedhas.
  6216 | D:9      | Noticed an oklob plant
  6242 | D:9      | Killed an oklob plant
  6242 | D:9      | Reached skill level 10 in Fighting
  6803 | D:10     | Entered Level 10 of the Dungeon
  6958 | D:10     | Killed an unseen horror
  6964 | D:10     | Reached skill level 12 in Axes
  7070 | D:10     | Reached XP level 11. HP: 86/101 MP: 14/14
  7116 | D:10     | Found Sanwioc's Antique Weapon Boutique.
  7123 | D:10     | Bought a twisted battleaxe for 299 gold pieces
  7123 | D:10     | Identified the cursed +2 battleaxe of Domination {chaos,
                  | MR+} (You bought it in a shop on level 10 of the Dungeon)
  7550 | D:10     | Noticed a deep elf mage
  7561 | D:10     | Killed a deep elf mage
  7679 | D:10     | Found Ciwn's General Store.
  7681 | D:10     | Found a staircase to the Orcish Mines.
  7704 | D:10     | Bought 2 potions of curing for 72 gold pieces
  7704 | D:10     | Bought a potion of curing for 36 gold pieces
  7792 | D:10     | Noticed a white ugly thing
  7806 | D:10     | Reached skill level 13 in Axes
  7943 | D:10     | Killed a white ugly thing
  8016 | D:11     | Noticed a brown ugly thing
  8021 | D:11     | Killed a brown ugly thing
  8152 | D:11     | Noticed a cyan ugly thing
  8161 | D:11     | Killed a white ugly thing
  8282 | D:11     | HP: 2/102 [hippogriff (5)]
  8774 | D:11     | Reached XP level 12. HP: 88/110 MP: 15/15
  8787 | D:11     | Reached skill level 5 in Invocations
  8973 | D:11     | Reached skill level 5 in Shields
  9013 | D:11     | Found a staircase to the Lair.
  9169 | D:11     | Reached ****** piety under Lugonu
  9421 | D:12     | Reached skill level 14 in Axes
 10602 | D:13     | Got a faintly glowing long sword
 10603 | D:13     | Identified the cursed +3 long sword "Filonava" {protect,
                  | rPois rN++ Int+3} (You found it on level 13 of the Dungeon)
 10608 | D:13     | Identified a +9 battleaxe of distortion (a +9 battleaxe
                  | corrupted by Lugonu)
 10608 | D:13     | Received a gift from Lugonu
 10631 | D:13     | Noticed a two-headed ogre
 10634 | D:13     | Killed a two-headed ogre
 10698 | D:13     | Found Uhoomab's Distillery.
 10715 | D:13     | Bought a potion of heal wounds for 65 gold pieces
 10715 | D:13     | Bought a potion of curing for 39 gold pieces
 10715 | D:13     | Bought a potion of haste for 130 gold pieces
 10776 | D:13     | Reached skill level 10 in Armour
 10834 | D:13     | Identified a scroll of acquirement
 10849 | D:13     | Noticed a two-headed ogre
 10857 | D:13     | Killed a two-headed ogre
 10883 | D:13     | Noticed a two-headed ogre
 10888 | D:13     | Killed a two-headed ogre
 10988 | D:13     | Noticed a two-headed ogre
 10995 | D:13     | Killed a two-headed ogre
 11037 | D:13     | Noticed a two-headed ogre
 11040 | D:13     | Noticed Sonja
 11042 | D:13     | Killed a two-headed ogre
 11046 | D:13     | Killed Sonja
 11046 | D:13     | Reached XP level 13. HP: 83/119 MP: 17/17
 11117 | D:13     | Reached skill level 15 in Axes
 11455 | D:14     | Found a sparkling altar of Nemelex Xobeh.
 11521 | D:14     | Got a crystal flail
 12092 | D:14     | Gained mutation: Your flesh is heat resistant. (rF+)
                  | [potion of mutation]
 12092 | D:14     | Gained mutation: You have a pair of large horns on your
                  | head. [potion of mutation]
 12737 | D:14     | Found a gate to the Vaults.
 12822 | D:15     | Entered Level 15 of the Dungeon
 13240 | D:15     | Reached skill level 16 in Axes
 13543 | D:15     | HP: 6/122 [centaur warrior (7)]
 13547 | D:15     | Shot with an arrow by a centaur warrior

Levels and vault maps discovered:
D:1:      dpeg_arrival_shrine, layout_loops_ring
D:2:      layout_basic, old_standard_altar
D:3:      layout_rooms, nicolae_overflow_crystal_walls, first_ration,
          minmay_splitting_lines, uniq_terence, uniq_crazy_yiuf_cottage,
          uniq_sigmund
D:4:      layout_basic, enter_ossuary_3, uniq_robin
D:5:      layout_cave_pools, led_xom_imps, moated_statue, elyvilon_altar_3,
          uniq_prince_ribbit1
D:6:      layout_gridville, serial_shops, nicolae_shop_crystal, uniq_grinder
D:7:      layout_cave_pools, bloody_trog,
          chequers_temple_overflow_statue_of_worship, minmay_temple_entry_waves,
          serial_glass, glass_columns_a, glass_columns_a, the_bakery,
          minmay_quadrilaterals
D:8:      layout_basic, dancing_weapons_uskayaw, nicolae_tso_swordbearing_angel,
          makhleb_blood_cavern_becter, uniq_pikel
D:9:      layout_cave_pools, tgw_fedhas, fountainhead
D:10:     minmay_angry_zag, layout_basic, orc_0_dummy, serial_shops, shop,
          shop_fountains, minivault_23, minmay_stone_trees_small,
          minmay_the_grid_2x2 [minmay_the_grid_minigrid_small_alt,
          minmay_the_grid_zigzag_pyramid, minmay_the_grid_minigrid_large,
          minmay_the_grid_prize_four_corners]
D:11:     layout_cave_pods, david_lair_shrubbed
D:12:     layout_stronghold, minmay_crystal_water
D:13:     layout_loops_ring, serial_shops, nicolae_shop_crystal,
          kennysheep_generic_room_3, uniq_sonja
D:14:     layout_loops_corners, grunt_vaults_entry_tiered,
          chequers_serial_rivers_micro_d, minmay_misc_feat_encased, st_stairs_1,
          nemelex_xobeh_ov_fountains_minmay
D:15:     hangedman_depths_entry_civil_slaughter, layout_rooms, minivault_14,
          drop_trap, columned_hall_lemuel

Skill      XL: |  1  2  3  4  5  6  7  8  9 10 11 12 13 |
---------------+----------------------------------------+-----
Fighting       | 4 5 6 7 9 10 11 12 13 | 13.5
Throwing       | 1 2 3 4 |  4.7
Invocations    | 2 3 4 6 7 |  7.8
Axes           | 4 5 7 9 10 12 13 14 16 | 16.1
Armour         | 3 4 5 6 8 9 10 11 | 11.2
Evocations     | 1 3 4 5 6 7 8 |  8.2
Dodging        | 2 3 |  3.4
Shields        | 2 4 5 |  5.2

Action                   |  1- 3 |  4- 6 |  7- 9 | 10-12 | 13-15 || total
-------------------------+-------+-------+-------+-------+-------++-------
Melee: Hand axe          |    71 |   106 |   306 |       |       ||   483
       Headbutt          |     6 |    17 |    63 |   173 |    39 ||   298
       Battleaxe         |       |       |    46 |   691 |   254 ||   991
       Unarmed           |       |       |     5 |       |       ||     5
Throw: Javelin           |       |     2 |     9 |    19 |    12 ||    42
       Boomerang         |       |       |       |     1 |    26 ||    27
Invok: Depart the Abyss  |     1 |       |       |       |       ||     1
       Brand Weapon With |       |       |       |     1 |       ||     1
Evoke: Wand              |       |     2 |    10 |    34 |     7 ||    53
  Use: Scroll            |     3 |     8 |     4 |    13 |     2 ||    30
       Potion            |     1 |     2 |     2 |     6 |     5 ||    16
 Stab: Paralysed         |       |       |     5 |       |       ||     5
       Distracted        |       |       |       |       |     1 ||     1
  Eat: Chunk             |     1 |     3 |    10 |    20 |    12 ||    46
       Ration            |       |       |     3 |     4 |       ||     7
Armor: Leather armour    |    16 |       |       |       |       ||    16
       Ring mail         |     2 |    16 |       |       |       ||    18
       Scale mail        |       |    15 |   119 |       |       ||   134
       Plate armour      |       |       |   118 |   329 |   172 ||   619
Dodge: Dodged            |    59 |    43 |   152 |   169 |    83 ||   506

Table legend:
 A = Non-vault XP
 B = Vault XP
 C = Vault XP percentage of total XP
 D = Non-vault monster count
 E = Vault monster count
 F = Vault count percentage of total count
                 A         B        C        D         E       F
            +---------+---------+-------+---------+---------+-------
      Total |   46979 |   15101 |  24.3 |     354 |     108 |  23.4
            +---------+---------+-------+---------+---------+-------
        D:1 |      36 |       0 |   0.0 |      21 |       0 |   0.0
        D:2 |       9 |       0 |   0.0 |       5 |       0 |   0.0
        D:3 |      85 |     299 |  77.9 |      31 |       3 |   8.8
        D:4 |     187 |      27 |  12.6 |       6 |       8 |  57.1
        D:5 |     620 |     460 |  42.6 |      18 |       5 |  21.7
        D:6 |     900 |     295 |  24.7 |      25 |       1 |   3.8
        D:7 |    1388 |     631 |  31.3 |      28 |       6 |  17.6
        D:8 |     992 |     778 |  44.0 |      16 |       3 |  15.8
        D:9 |    1461 |     550 |  27.3 |      17 |       1 |   5.6
       D:10 |    4980 |    4076 |  45.0 |      38 |      21 |  35.6
       D:11 |    7458 |     343 |   4.4 |      34 |       1 |   2.9
       D:12 |    5611 |       0 |   0.0 |      34 |       0 |   0.0
       D:13 |    6785 |     875 |  11.4 |      13 |       2 |  13.3
       D:14 |   12261 |    4379 |  26.3 |      50 |      23 |  31.5
       D:15 |    4206 |    1610 |  27.7 |      18 |       2 |  10.0
    Ossuary |       0 |     778 | 100.0 |       0 |      32 | 100.0
            +---------+---------+-------+---------+---------+-------
